 Dungeon Crawl Stone Soup version 0.32-a0-893-gf85d74f360 (webtiles) character file.

Game seed: 9934767606117357297

1751 pokedragonboy the Grasshopper (level 9, -7/81 HPs)
             Began as a Naga Warper on Apr 3, 2024.
             Was a Believer of Cheibriados.
             Killed from afar by Maggie (10 damage)
             ... with a bolt of fire
             ... on level 6 of the Dungeon.
             The game lasted 00:34:25 (7115 turns).

pokedragonboy the Grasshopper (Naga Warper)         Turns: 7115, Time: 00:34:26

Health: -7/81      AC:  7    Str: 21    XL:     9   Next: 6%
Magic:  6/13       EV:  8    Int: 16    God:    Cheibriados [**....]
Gold:   271        SH:  0    Dex: 17    Spells: 4/14 levels left

rFire   + . .        a - +0 spear (flame)
rCold   . . .        (no shield)
rNeg    . . .        o - +0 ring mail of Servitude {rF+ Int-3 Dex+3}
rPois   +            c - +0 helmet
rElec   .            (no cloak)
rCorr   .            (no gloves)
SInv    +            (no barding)
Will    +....        (no amulet)
Stlth   ++           (no ring)
HPRegen 0.33/turn    (no ring)
MPRegen 0.13/turn

%: no passive effects
@: short of breath, on blink cooldown, mesmerised, very slow
A: AC +3, large, see invisible, deformed body, poison resistance, slowness 2,
spit poison 1, naga tail 1
a: Spit Poison, Renounce Religion, Bend Time


You were on level 6 of the Dungeon.
You worshipped Cheibriados.
Cheibriados was pleased with you.
You visited 2 branches of the dungeon, and saw 7 of its levels.

You collected 271 gold pieces.

Inventory:

Hand Weapons
 a - a +0 spear of flaming (weapon)
 b - a +2 hand axe of flaming
 v - a +0 dagger of holy wrath
 A - a +0 trident
Missiles
 d - 6 darts of dispersal
 s - 6 poisoned darts
 u - 4 throwing nets
 B - 3 boomerangs
Armour
 c - a +0 helmet (worn)
 i - a +0 leather armour
 o - the +0 ring mail of Servitude (worn) {rF+ Int-3 Dex+3}
   (You found it on level 2 of the Dungeon)

   Int-3:     It affects your intelligence (-3).
   Dex+3:     It affects your dexterity (+3).
   rF+:       It protects you from fire.
 x - a +0 chain mail
Wands
 m - a wand of flame (12)
Scrolls
 f - a scroll of poison
 p - a scroll of vulnerability
 r - a scroll of revelation
 y - a scroll of teleportation
Potions
 e - 3 potions of enlightenment {unknown}
 g - 2 potions of attraction
 h - 2 potions of magic
 j - a potion of haste {unknown}
 k - a potion of resistance {unknown}
 l - 2 potions of mutation {unknown}
 n - a potion of ambrosia {unknown}
 q - a potion of degeneration {unknown}
 t - 2 potions of invisibility
 w - 2 potions of might {unknown}


   Skills:
 + Level 5.2 Fighting
 * Level 6.5 Polearms
 - Level 0.8 Throwing
 - Level 3.0 Armour
 - Level 1.5 Dodging
 - Level 3.0 Stealth
 + Level 3.2 Spellcasting
 * Level 6.9 Translocations


You had 4 spell levels left.
You knew the following spells:

 Your Spells              Type           Power      Damage    Failure   Level
b - Maxwell's Portable P  Tloc           24%        2d(7-20)  5%          3
c - Teleport Other        Tloc           24%        N/A       5%          3
d - Lesser Beckoning      Tloc           48%        N/A       2%          2
m - Blink                 Tloc           48%        N/A       2%          2

Your spell library contained the following spells:

 Spells                   Type           Power      Damage    Failure   Level
 Freeze                   Ice            8%         1d3       30%         1
 Dimensional Bullseye     Hex/Tloc       6%         N/A       56%         4
 Iskenderun's Mystic Bla Conj/Tloc 13%            2d5        (+2d2     56%         4
 Vhi's Electric Charge    Tloc/Air       26%        N/A       56%         4
 Call Canine Familiar     Summ           2%         N/A       65%         3
 Confusing Touch          Hex            2%         N/A       65%         3
 Frozen Ramparts          Ice            4%         1d1       65%         3
 Hailstorm                Conj/Ice       2%         3d5       65%         3
 Sigil of Binding         Hex            2%         N/A       65%         3
 Summon Ice Beast         Ice/Summ       2%         N/A       65%         3
 Tukima's Dance           Hex            2%         N/A       65%         3
 Cause Fear               Hex            1%         N/A       96%         4
 Death Channel            Necr           1%         N/A       100%        6
 Permafrost Eruption      Ice/Erth       1%         2x4d1     100%        6
 Sculpt Simulacrum        Ice/Alch       1%         N/A       100%        6
 Haunt                    Necr/Summ      1%         N/A       100%        7


Dungeon Overview and Level Annotations

Branches:
Dungeon (6/15)             Temple (1/1) D:4

Altars:
Ashenzari
Cheibriados
Dithmenos
Elyvilon
Gozag
Hepliaklqana
Kikubaaqudgha
Makhleb
Nemelex Xobeh
Ru
Sif Muna
Trog
Vehumet
Xom
Yredelemnul
Zin

Shops:
D:2 (

Annotations:
D:3 Sigmund
D:6 Maggie


Innate Abilities, Weirdness & Mutations

Your serpentine skin is tough. (AC +3)
You have supernaturally acute eyesight. (SInv)
Armour fits poorly on your strangely shaped body.
Your system is resistant to poisons. (rPois)
You cover ground very slowly.
You can spit poison.
You have a snake-like lower body.


Message History

Press: ? - help, Q - select action, (/) - cycle Shift-Dir - straight line, f/p - Maggie
Aim: Maggie, wielding a +0 glaive and wearing +0 steam dragon scales (almost dead, mesmerising, 64% to hit)
The splash of poison hits Maggie.
Maggie is almost dead.
Maggie gestures wildly while chanting.
Maggie draws you further into her thrall.
You hit Maggie but do no damage.
Maggie is almost dead.
Maggie hits you with a +0 glaive!
* * * LOW HITPOINT WARNING * * *
Unknown command.
You hit Maggie. You burn Maggie.
Maggie is almost dead.
Maggie points at you and mumbles some strange words.
The bolt of fire hits you! You resist.
* * * LOW HITPOINT WARNING * * *
Unknown command.
Okay, then.
Okay, then.
Okay, then.
Okay, then.
Okay, then.
Okay, then.
Aiming: Throw Flame
Press: ? - help, Shift-Dir - straight line, f/p - Maggie
Aim: Maggie, wielding a +0 glaive and wearing +0 steam dragon scales (almost dead, mesmerising, 68% to hit)
The puff of flame hits Maggie.
Maggie is almost dead.
The howler monkey hits you.
* * * LOW HITPOINT WARNING * * *
A bombardier beetle comes into view.
Maggie hits you with a +0 glaive.
* * * LOW HITPOINT WARNING * * *
Casting: Maxwell's Portable Piledriver (dangerous; 5% risk of failure)
Confirm with . or Enter, or press ? or * to list all spells.
You blink.
Maggie points at you and mumbles some strange words.
The bolt of fire hits you! You resist.
You die...
Cheibriados appreciates the motionlessness of death.

## ### .###..#. ..
........###.#
#...........#
.###..=.#......#
...#.)..#.##...#
........#..@.h.###
?).........ยง.....#
.....<..........@##
...................#
..<.................#
...................##
.>................B#
....##.......##.....
.............#####..#
#.....##..#### ...
... .. ##..#


You could see Maggie (mesmerising), a howler monkey and a bombardier beetle.

Vanquished Creatures
  Menkaure (D:6)
  An ice beast (D:6)
  An orc warrior (D:6)
  3 black bears
  2 ogres
  4 scorpions
  A bombardier beetle (D:4)
  6 hounds
  2 jellies (D:4)
  An orc priest (D:6)
  Jessica (D:2)
  3 iguanas
  Ijyb (D:3)
  3 orc wizards (D:5)
  Robin (D:3)
  4 gnolls (D:5)
  10 adders
  3 white imps
  2 ufetubi (D:5)
  2 dart slugs
  15 orcs
  6 ball pythons
  5 endoplasms
  4 giant cockroaches
  8 hobgoblins
  2 quokkas
  5 frilled lizards
  13 goblins
  11 kobolds
  6 rats
127 creatures vanquished.

Vanquished Creatures (others)
  A sleepcap (D:6)
  3 orcs (D:6)
4 creatures vanquished.

Grand Total: 131 creatures vanquished

Notes
Turn   | Place    | Note
-------+----------+-------------------------------------------
     0 | D:1      | pokedragonboy the Naga Warper began the quest for the Orb.
     0 | D:1      | Reached XP level 1. HP: 19/19 MP: 3/3
   199 | D:1      | Reached skill level 1 in Armour
   199 | D:1      | Reached XP level 2. HP: 26/26 MP: 5/5
  1016 | D:2      | Reached XP level 3. HP: 23/32 MP: 6/6
  1116 | D:2      | Identified the +0 ring mail of Servitude {rF+ Int-3 Dex+3}
  1141 | D:2      | Noticed Jessica
  1149 | D:2      | Killed Jessica
  1150 | D:2      | Reached skill level 1 in Stealth
  1171 | D:2      | Learned a level 2 spell: Blink
  1210 | D:2      | Reached XP level 4. HP: 13/40 MP: 7/7
  1568 | D:2      | Found Tuolos's Antique Weapon Shop.
  1912 | D:3      | Noticed Sigmund
  1999 | D:3      | Noticed Robin
  2017 | D:3      | Killed Robin
  2168 | D:3      | Noticed Ijyb
  2221 | D:3      | Found a bloodstained altar of Trog.
  2227 | D:3      | Reached XP level 5. HP: 45/46 MP: 8/8
  2425 | D:3      | Killed Ijyb
  2958 | D:4      | Reached XP level 6. HP: 14/56 MP: 9/9
  3128 | D:4      | Found a staircase to the Ecumenical Temple.
  3148 | Temple   | Entered the Ecumenical Temple
  3250 | Temple   | Became a worshipper of Cheibriados the Contemplative
  3634 | D:4      | Found an opulent altar of Gozag.
  3819 | D:4      | Found a basalt altar of Yredelemnul.
  3819 | D:4      | Found a broken altar of Ashenzari.
  3884 | D:4      | Noticed a black bear
  3902 | D:4      | Killed a black bear
  3903 | D:4      | Reached XP level 7. HP: 30/63 MP: 6/10
  4064 | D:4      | Learned a level 3 spell: Maxwell's Portable Piledriver
  4067 | D:4      | Learned a level 2 spell: Lesser Beckoning
  4071 | D:4      | Learned a level 3 spell: Teleport Other
  4105 | D:5      | Entered Level 5 of the Dungeon
  4692 | D:4      | Reached skill level 5 in Translocations
  5098 | D:5      | Reached skill level 5 in Polearms
  5121 | D:5      | Reached * piety under Cheibriados
  5122 | D:5      | Reached XP level 8. HP: 38/73 MP: 11/11
  6005 | D:6      | Noticed Menkaure
  6012 | D:6      | Killed Menkaure
  6063 | D:6      | Got the Almanac of Jinxing and Rallying
  6612 | D:6      | Reached skill level 5 in Fighting
  6738 | D:6      | Reached ** piety under Cheibriados
  6847 | D:6      | Reached XP level 9. HP: 47/81 MP: 9/13
  7096 | D:6      | Noticed Maggie
  7114 | D:6      | HP: 2/81 [Maggie/+0 glaive (4)]
  7115 | D:6      | Killed from afar by Maggie

Illustrated notes

Levels and vault maps discovered:
D:1:      heliophobic_arrival_ceremonial_halls, layout_basic
D:2:      minmay_kobold_bridge, layout_basic, serial_shops,
          nicolae_shop_overgrown_old_shop, uniq_jessica
D:3:      layout_basic, trog_three_pillars_becter,
          shapermc_ecumenical_altar_mp_ritualfount, uniq_robin, uniq_ijyb,
          uniq_sigmund
D:4:      layout_gridville, nicolae_overflow_two_pavilions, marbit_many_paths,
          minmay_temple_entry_waves, dk_noncrumbling_3,
          chequers_serial_rivers_micro_d
D:5:      layout_loops_ring
D:6:      layout_cave_pools, lemuel_flamethrower_2, uniq_menkaure, uniq_maggie
Temple:   minmay_temple_bridge_abc

Skill      XL: |  1  2  3  4  5  6  7  8 |
---------------+-------------------------+-----
Armour         | 1 2 3 |  3.0
Stealth        | 1 2 3 |  3.0
Polearms       | 3 4 5 6 |  6.5
Fighting       | 3 4 5 |  5.2
Translocations | 4 5 6 |  6.9
Spellcasting   | 3 |  3.2
Throwing       | |  0.8
Dodging        | |  1.5

Action                     |  1- 3 |  4- 6 |  7- 9 || total
---------------------------+-------+-------+-------++-------
  Melee: Spear             |    47 |       |   160 ||   207
         Hand axe          |    43 |   124 |    80 ||   247
  Throw: Dart              |     1 |       |       ||     1
   Cast: Blink             |       |     2 |     1 ||     3
         Maxwell's Portabl |       |       |     7 ||     7
Ability: Spit Poison       |     5 |    14 |    42 ||    61
  Evoke: Wand              |       |       |     1 ||     1
    Use: Scroll            |     2 |    10 |     5 ||    17
         Potion            |       |     2 |     3 ||     5
   Stab: Sleeping          |       |     3 |       ||     3
 Armour: Leather armour    |    81 |   129 |   147 ||   357
         Ring mail         |       |       |    68 ||    68
  Dodge: Dodged            |    36 |    61 |   113 ||   210

Table legend: (Time is in decaauts)
 A = Elapsed time spent in this place.
 B = Non-inter-level travel time spent in this place.
 C = Inter-level travel time spent in this place.
 D = Time resting spent in this place.
 E = Time spent auto-exploring this place.
 F = Levels seen in this place.
 G = Mean time per level.
                   A        B        C        D        E       F      G
               +--------+--------+--------+--------+--------+-----+--------+
         Total |   9047 |   8374 |    673 |   2176 |   4555 |   7 | 1292.4 |
       Dungeon |   8902 |   8229 |    673 |   2176 |   4475 |   6 | 1483.7 |
        Temple |    144 |    144 |      0 |      0 |     80 |   1 |  144.0 |
               +--------+--------+--------+--------+--------+-----+--------+

Top non-repeatable levels by time:
     D:5: 2186 daAuts
     D:4: 1825 daAuts
     D:3: 1593 daAuts
     D:2: 1272 daAuts
     D:1: 1157 daAuts
     D:6: 867 daAuts
  Temple: 144 daAuts
